 Dungeon Crawl Stone Soup version 0.27-a0-577-ge2a43ba0c9 (webtiles) character file.

Game seed: 10750795369860614712

484 jasper the Vexing (level 6, 0/32 HPs)
             Began as a Deep Elf Enchanter on Mar 9, 2021.
             Slain by an orc (2 damage)
             ... on level 5 of the Dungeon.
             The game lasted 00:05:54 (4249 turns).

jasper the Vexing (Deep Elf Enchanter)              Turns: 4249, Time: 00:05:54

Health: 0/32       AC:  3    Str:  5    XL:     6   Next: 88%
Magic:  7/12       EV: 14    Int: 28    God:
Gold:   76         SH:  0    Dex: 15    Spells: 2/11 levels left

rFire    . . .     SeeInvis .   k - +0 dagger (speed)
rCold    . . .     Faith    .   (no shield)
rNeg     . . .     Spirit   .   b - +0 robe
rPois    .         Reflect  .   g - +0 helmet
rElec    .         Harm     .   (no cloak)
rCorr    .         Rampage  .   (no gloves)
Will     .....                  (no boots)
Stlth    +++.......             (no amulet)
HPRegen  0.10/turn              c - +6 ring of intelligence
MPRegen  0.13/turn              (no ring)

@: no status effects
A: no striking features
a: no special abilities


You were on level 5 of the Dungeon.
You visited 1 branch of the dungeon, and saw 5 of its levels.

You collected 76 gold pieces.

Inventory:

Hand Weapons
 a - a +1 dagger
 k - a +0 dagger of speed (weapon)
 m - a +0 short sword
Missiles
 n - 3 boomerangs of dispersal
Armour
 b - a +0 robe (worn)
 f - a +0 kite shield
 g - a +0 helmet (worn)
Jewellery
 c - a +6 ring of intelligence (left hand)
Scrolls
 d - a scroll of magic mapping {unknown}
 e - 3 scrolls of amnesia {unknown}
 h - 2 scrolls of identify {unknown}
 i - a scroll of fear {unknown}
 j - a scroll of random uselessness {unknown}
 l - 2 scrolls of teleportation {unknown}


   Skills:
 - Level 1.0 Short Blades
 + Level 4.5 Dodging
 * Level 7.0 Stealth
 - Level 3.0 Spellcasting
 * Level 7.2 Hexes


You had 2 spell levels left.
You knew the following spells:

 Your Spells              Type           Power      Damage    Failure   Level
a - Corona                Hex            48%        N/A       1%          1
b - Ensorcelled Hibernat  Hex/Ice        48%        N/A       2%          2
c - Confusing Touch       Hex            44%        N/A       1%          3
d - Tukima's Dance        Hex            44%        N/A       1%          3

Your spell library contained the following spells:

 Spells                   Type           Power      Damage    Failure   Level
 Dazzling Flash           Conj/Hex       48%        N/A       5%          3


Dungeon Overview and Level Annotations

Branches:
Dungeon (5/15)
 Temple: D:4-7

Altars:
Ashenzari
Ru
Trog

Annotations:
D:3 Grinder
D:4 Dowan, Duvessa


Message History

Aim: an orc wizard, wielding a +0 dagger and wearing a +0 robe (chance to affect: 53%)
The orc wizard looks drowsy...
The orc zaps a wand.
The puff of flame hits you! The leopard gecko skeleton bites you.
You take 11 damage, and have 12/32 hp.
MASSIVE DAMAGE!!
You now have 10/12 mp.
You are too injured to fight recklessly!
The helpless orc wizard fails to defend itself.
You impale the orc wizard!!
You kill the orc wizard!
Your Stealth skill increases to level 7!
The leopard gecko skeleton barely misses you.
The leopard gecko skeleton barely misses you.
The orc shouts!
You hit the leopard gecko skeleton but do no damage.
The leopard gecko skeleton misses you.
Aiming: Ensorcelled Hibernation (safe; 2% risk of failure)
Press: ? - help, Q - select action, (/) - cycle Shift-Dir - straight line, f - orc
Aim: an orc (chance to affect: 71%)
The orc struggles to resist.
The orc closely misses you. The orc completely misses you.
You now have 8/12 mp.
You hit the orc.
The orc is lightly wounded.
You barely miss the orc.
The orc is lightly wounded.
The orc closely misses you. The orc hits you.
* * * LOW HITPOINT WARNING * * *
You take 3 damage, and have 9/32 hp.
Casting: Ensorcelled Hibernation (safe; 2% risk of failure)
Confirm with . or Enter, or press ? or * to list all spells.
Aiming: Ensorcelled Hibernation (safe; 2% risk of failure)
Press: ? - help, Shift-Dir - straight line, f - orc, p - orc
Aim: an orc (lightly wounded, chance to affect: 71%)
The orc struggles to resist.
The orc misses you. The orc closely misses you.
The leopard gecko skeleton bites you but does no damage.
You now have 7/12 mp.
The orc zaps a wand.
The puff of flame hits you!
* * * LOW HITPOINT WARNING * * *
The orc hits you.
You die...

##### ### #...# .$...
#####...######..........
........................
##......................
......o.o.$.............
......o@Z...........#...
.......o............#...
...#................#...
.....#..............##....
##....#....................
............#........รท.....
................##.........
................###.......#
................# #.......#


You could see 4 orcs and a leopard gecko skeleton.

Vanquished Creatures
  An ogre (D:4)
  2 howler monkeys (D:4)
  2 orc priests
  2 iguanas
  2 orc wizards
  A worker ant (D:5)
  A hound zombie (D:5)
  A hound skeleton (D:4)
  A howler monkey skeleton (D:4)
  2 adders
  An adder skeleton (D:4)
  A worm (D:2)
  4 leopard geckos
  10 orcs
  3 giant cockroaches
  5 goblins
  6 hobgoblins
  4 jackals
  6 quokkas
  2 bats (D:1)
  8 frilled lizards
  5 kobolds
  3 rats (D:2)
73 creatures vanquished.

Notes
Turn   | Place    | Note
-------+----------+-------------------------------------------
     0 | D:1      | jasper the Deep Elf Enchanter began the quest for the Orb.
     0 | D:1      | Reached XP level 1. HP: 10/10 MP: 6/6
   785 | D:1      | Reached XP level 2. HP: 15/15 MP: 8/8
   811 | D:1      | Learned a level 2 spell: Ensorcelled Hibernation
  1732 | D:2      | Reached XP level 3. HP: 19/19 MP: 9/9
  1763 | D:2      | Learned a level 3 spell: Confusing Touch
  1984 | D:2      | Reached skill level 5 in Hexes
  2305 | D:2      | Reached XP level 4. HP: 24/24 MP: 7/10
  2309 | D:2      | Learned a level 3 spell: Tukima's Dance
  2428 | D:2      | Reached skill level 5 in Stealth
  2443 | D:2      | Found a faded altar of an unknown god.
  2925 | D:3      | Noticed Grinder
  2997 | D:4      | Found a broken altar of Ashenzari.
  3064 | D:4      | Reached XP level 5. HP: 28/28 MP: 4/11
  3171 | D:4      | Found a sacrificial altar of Ru.
  3582 | D:4      | Found a bloodstained altar of Trog.
  3597 | D:4      | Reached XP level 6. HP: 32/32 MP: 12/12
  3652 | D:4      | Noticed Duvessa
  3652 | D:4      | Noticed Dowan
  3670 | D:5      | Entered Level 5 of the Dungeon
  4249 | D:5      | Slain by an orc

Illustrated notes

Levels and vault maps discovered:
D:1:      sevenhm_arrival_forest_fort_large_1, layout_loops_ring, hex_large,
          minmay_misc_feat_rows
D:2:      layout_basic, chequers_ecumenical_altar_simple,
          chequers_serial_rivers_marsh
D:3:      layout_basic, grunt_ministairs_15, minmay_mini_jars, uniq_terence,
          uniq_jessica, uniq_grinder
D:4:      layout_rooms, hangedman_ru_absence, marbit_many_paths,
          minmay_fountain_box, trog_butcher_becter, uniq_duvessa
D:5:      layout_basic, gammafunk_temple_overflow_elements

Skill      XL: |  1  2  3  4  5  6 |
---------------+-------------------+-----
Stealth        | 4 5 6 7 |  7.0
Dodging        | 3 4 |  4.5
Hexes          | 5 6 7 |  7.2
Short Blades   | |  1.0
Spellcasting   | |  3.0

Action                   |  1- 3 |  4- 6 || total
-------------------------+-------+-------++-------
Melee: Dagger            |    69 |    91 ||   160
 Cast: Corona            |     7 |       ||     7
       Ensorcelled Hiber |    26 |    33 ||    59
       Confusing Touch   |       |     4 ||     4
  Use: Potion            |       |     2 ||     2
 Stab: Sleeping          |    25 |    30 ||    55
       Confused          |       |     5 ||     5
Armor: Robe              |     9 |     7 ||    16
Dodge: Dodged            |    39 |    67 ||   106

Table legend: (Time is in decaauts)
 A = Elapsed time spent in this place.
 B = Non-inter-level travel time spent in this place.
 C = Inter-level travel time spent in this place.
 D = Time resting spent in this place.
 E = Time spent auto-exploring this place.
 F = Levels seen in this place.
 G = Mean time per level.
                   A        B        C        D        E       F      G
               +--------+--------+--------+--------+--------+-----+--------+
         Total |   4241 |   4213 |     28 |    468 |   2978 |   5 |  848.2 |
       Dungeon |   4241 |   4213 |     28 |    468 |   2978 |   5 |  848.2 |
               +--------+--------+--------+--------+--------+-----+--------+

Top non-repeatable levels by time:
     D:1: 1643 daAuts
     D:2: 1122 daAuts
     D:4: 730 daAuts
     D:5: 570 daAuts
     D:3: 174 daAuts
